Map: 킹스 코브 - 래더

Players

Maru

  • Race: Terran Terran
  • Spawn Location: 11:00

Trap - Winner!

  • Race: Protoss Protoss
  • Spawn Location: 5:00

Event: IEM Season 13: Katowice (2019)

VOD

Have the link to the VOD?

Description

Time

  • Played on: Feb. 28, 2019, 9:39 a.m.
  • Length: 6:35

All games in this series

Show
View Real Time Build Order
Export as new Build Order

Maru Terran 

Build Orders: Reaper Expand 

Get SALT Encoding   

  12  0:00  SCV  
  13  0:12  SCV  
  14  0:17  Supply Depot  
  14  0:24  SCV  
  15  0:39  Barracks, SCV  
  16  0:44  Refinery  
  16  0:51  SCV  
  17  1:03  SCV  
  18  1:15  SCV  
  19  1:26  Reaper  
  19  1:27  Orbital Command  
  20  1:48  Command Center  
  20  1:53  SCV  
  21  1:54  Supply Depot  
  21  1:59  Barracks Reactor  
  21  2:04  Refinery  
  21  2:05  SCV  
  22  2:17  SCV  
  22  2:21  Factory  
  23  2:29  SCV  
  24  2:35  Marine x2  
  26  2:41  SCV  
  27  2:53  Marine x2  
  27  2:54  SCV  
  30  3:00  Orbital Command  
  30  3:05  Factory Tech Lab  
  30  3:06  Starport, SCV  
  30  3:11  Marine x2  
  33  3:18  SCV  
  34  3:25  Cyclone  
  34  3:26  SCV, Supply Depot  
  38  3:30  SCV  
  38  3:31  Marine x2  
  41  3:38  SCV  
  42  3:42  SCV  
  42  3:43  Starport Tech Lab  
  42  3:47  Supply Depot  
  43  3:49  Marine x2  
  43  3:50  SCV  
  43  3:54  SCV  
  47  4:02  Raven, SCV  
  48  4:06  SCV  
  51  4:11  Siege Tank  
  51  4:14  SCV, Supply Depot  
  54  4:18  Refinery, SCV, Marine x2  
  57  4:26  SCV  
  57  4:28  Barracks  
  57  4:30  SCV  
  59  4:38  SCV  
  59  4:40  Supply Depot  
  59  4:42  SCV  
  59  4:43  Siege Tank  
  59  4:45  Barracks  
  64  4:51  SCV  
  64  4:55  Engineering Bay, SCV  
  65  5:00  Starport Reactor  
  65  5:01  Marine x2  
  65  5:03  SCV  
  65  5:07  SCV, Supply Depot  
  69  5:12  Refinery  
  66  5:15  Siege Tank, SCV  
  66  5:19  SCV  
  70  5:27  SCV  
  65  5:28  Marauder  
  65  5:31  SCV  
  65  5:32  Concussive Shells  
  62  5:38  Medivac  
  62  5:39  SCV  
  62  5:42  Marine  
  56  5:43  SCV  
  52  5:50  Marauder, Marine  
  52  5:51  SCV  
  52  5:55  SCV  
  50  5:58  Siege Tank  
  50  5:59  Marine  
  50  6:03  SCV  
  51  6:07  SCV, Marine x2  
  51  6:10  Marine  
  47  6:15  SCV  
  47  6:17  Marine  
  45  6:19  SCV  
Show
View Real Time Build Order
Export as new Build Order

Trap Protoss - Winner!

Build Orders: 1 Gate Expand, Blink Stalkers 

Get SALT Encoding   

  12  0:00  Probe  
  13  0:12  Probe  
  14  0:17  Pylon  
  14  0:24  Probe  
  15  0:32  Probe  
  15  0:37  Gateway  
  15  0:40  Probe  
  16  0:46  Assimilator  
  17  0:51  Probe  
  18  1:03  Probe  
  19  1:15  Probe  
  20  1:23  Nexus  
  20  1:34  Cybernetics Core  
  20  1:37  Probe  
  21  1:43  Assimilator  
  21  1:49  Probe  
  21  1:52  Pylon  
  22  2:00  Adept  
  22  2:01  Probe  
  23  2:10  Warp Gate  
  23  2:13  Probe  
  26  2:22  Sentry  
  26  2:25  Probe  
  27  2:32  Probe  
  30  2:38  Probe  
  30  2:40  Probe  
  30  2:41  Twilight Council  
  32  2:46  Stalker  
  32  2:50  Probe x2  
  36  3:01  Pylon, Blink  
  36  3:02  Probe x2  
  38  3:14  Probe x2  
  40  3:30  Sentry, Probe x2  
  40  3:33  Gateway  
  44  3:36  Gateway  
  44  3:49  Pylon  
  44  3:50  Gateway  
  44  3:54  Gateway, Probe x2  
  44  4:11  Probe x2  
  44  4:13  Gateway  
  46  4:17  Assimilator  
  46  4:18  Gateway  
  46  4:19  Stalker  
  48  4:27  Probe x2  
  48  4:30  Stalker x2  
  54  4:40  Pylon  
  54  4:42  Pylon  
  54  4:45  Stalker  
  54  4:51  Stalker x2  
  60  4:54  Stalker  
  60  5:03  Stalker  
  62  5:11  Stalker x2  
  62  5:12  Stalker  
  66  5:27  Stalker x3  
  68  5:36  Zealot x3  
  68  5:49  Stalker  
  70  5:50  Stalker x2  
  72  6:01  Zealot, Stalker x2  
  71  6:29  Stalker x2  
  71  6:30  Zealot x2, Stalker x2  

Tags
 
Add a new tag
Caveats
  • Supply blocks, unpowered buildings, or Contaminate may cause inaccurate times.
  • Supply counts are checked every 10 seconds.